[Event "Romanian Superleague 2022"]
[Site "Oradea"]
[Date "2022.09.27"]
[Round "7.29"]
[White "David, Alexandru-Vasile"]
[Black "Ciorgovean, Iustin"]
[Result "1/2-1/2"]
[ECO "E70"]
[WhiteElo "2417"]
[BlackElo "2314"]
[Annotator "TA"]
[PlyCount "56"]
[EventDate "2022.09.21"]
[EventType "team-tourn"]
[EventCountry "ROU"]
[SourceTitle "playchess.com"]
[Source "ChessBase"]
[SourceQuality "1"]
[TimeControl "40/5400+30:1800+30"]

1. d4 Nf6 2. c4 g6 3. Nc3 Bg7 4. e4 d6 5. Nge2 O-O 6. Ng3 a6 7. Be2 {[%emt 0:01:42] E70: King's Indian: Miscellaneous lines with 4 e4, including 5 Nge2 and 5 Bd3 0-0 6 Nge2.} c5 8. d5 b5 9. cxb5 {[%emt 0:01:26] White is slightly better.} axb5 10. Bxb5 Ba6 11. O-O Bxb5 12. Nxb5 Na6 13. Bd2 Qb6 14. Qe2 (14. a4 $14) 14... Rfb8 $11 15. a4 {[%emt 0:04:49] [#]} Ne8 $146 ({Predecessor:} 15... Nc7 16. Nxc7 Qxc7 17. Bc3 Qb7 18. Rfc1 Qa6 19. Qd2 Rb3 20. a5 Qb5 21. e5 dxe5 {1-0 (37) Ovsejevitsch,S (2597)-Quinn,J (2149) Bad Wiessee 2010}) 16. Bc3 Nec7 {[%emt 0:00:39] [#]} (16... Nac7 $14) 17. Na3 $1 $16 {[%emt 0:10:15] White has more active pieces.} ({Much weaker is} 17. Bxg7 $6 Kxg7 18. Nc3 Qxb2 $11) 17... Qb3 {[%emt 0:06:07] [#]} (17... Bxc3 $16 {keeps fighting.} 18. bxc3 Qb3) 18. Nc4 $1 $18 {[%emt 0:01:43] aiming for Ra3.} Nb4 $2 (18... Ne8 19. Ra3 Qb7 20. Bxg7 Nxg7) 19. Rfc1 $2 ({White must play} 19. Ra3 $18 Qc2 20. Bd2) 19... Na2 $17 20. Rc2 Nxc3 21. bxc3 Rxa4 ({And not} 21... Bxc3 22. Ra3 Qb1+ 23. Nf1 $17) 22. Rxa4 Qxa4 23. Ra2 Qe8 24. Qd3 Nb5 25. Rc2 Ra8 26. h3 Na3 {[%emt 0:00:47] Black is better.} 27. Nxa3 Rxa3 28. Ne2 Qa4 {[%emt 0:02:46] Weighted Error Value: White=0.34/Black=0.23 (precise)} 1/2-1/2

[Event "Romanian Superleague 2022"]
[Site "Oradea"]
[Date "2022.09.27"]
[Round "7.30"]
[White "Carmaciu, Lucian-Catalin"]
[Black "Berescu, Alin-Mile"]
[Result "1/2-1/2"]
[ECO "A45"]
[WhiteElo "2376"]
[BlackElo "2440"]
[Annotator "TA"]
[PlyCount "20"]
[EventDate "2022.09.21"]
[EventType "team-tourn"]
[EventCountry "ROU"]
[SourceTitle "playchess.com"]
[Source "ChessBase"]
[SourceQuality "1"]
[TimeControl "40/5400+30:1800+30"]

1. d4 Nf6 2. Bf4 c5 3. d5 Qb6 4. Nc3 Qxb2 5. Bd2 Qb6 6. e4 d6 7. f4 e6 {[%emt 0:04:29] 7...e6 was played by the boomers.} 8. Nf3 {[%emt 0:07:56] A45: Trompowsky Attack.} exd5 9. exd5 (9. e5 $11 dxe5 10. fxe5) 9... Be7 $17 10. Bd3 {[%emt 0:09:12] [#]} Na6 $146 {[%emt 0:05:30] Weighted Error Value: White=0.40/Black=0.01 (flawless)} ({Predecessor:} 10... O-O 11. Rb1 Qd8 12. O-O Bd7 13. Rxb7 Re8 14. Ng5 Qc8 15. Rb1 c4 16. Be2 Bf8 {0-1 (38) Urban,M (1711)-Rosenauer,H (1834) Nordrheinwestfalen 2018}) 1/2-1/2

[Event "Romanian Superleague 2022"]
[Site "Oradea"]
[Date "2022.09.29"]
[Round "9.1"]
[White "Kozak, Adam"]
[Black "Tarlev, Konstantin"]
[Result "1/2-1/2"]
[ECO "D35"]
[WhiteElo "2516"]
[BlackElo "2576"]
[Annotator "TA"]
[PlyCount "89"]
[EventDate "2022.09.21"]
[EventType "team-tourn"]
[EventCountry "ROU"]
[SourceTitle "playchess.com"]
[Source "ChessBase"]
[SourceQuality "1"]
[TimeControl "40/5400+30:1800+30"]

1. d4 Nf6 2. c4 e6 3. Nc3 d5 4. cxd5 Nxd5 5. e4 Nxc3 6. bxc3 c5 7. Rb1 Be7 $1 {[%emt 0:00:48] 7...Be7 is better than 7...cxd4. D35: Queen's Gambit Declined: Exchange Variation.} 8. Nf3 O-O 9. h4 cxd4 {[%emt 0:01:52] Black has an edge.} 10. cxd4 (10. Qxd4 Qa5 $15) 10... Nc6 11. Bb5 {[%emt 0:11:42] [#]} Qc7 $146 (11... a6 $5 12. Bxc6 bxc6 $11) ({Predecessor:} 11... a6 12. Bxc6 bxc6 13. h5 h6 14. Ne5 Bd6 15. O-O c5 16. Rb3 cxd4 17. Qxd4 Qc7 {½-½ (30) Yu,Y (2765)-Radjabov,T (2751) Batumi 2018}) 12. O-O a6 13. Bd3 (13. Bxc6 $5 Qxc6 14. Re1 $11) 13... Nb4 14. Bg5 Bxg5 (14... f6 $5 15. Be3 Bd7 $11) 15. hxg5 Qe7 (15... Nxd3 $14 16. Qxd3 Bd7) 16. Be2 $16 Rd8 17. Qb3 Nc6 18. Qc3 Rd6 19. Rfd1 Qd8 20. a4 a5 21. Bb5 {[%emt 0:08:30] White has more active pieces.} Bd7 22. Qc5 Be8 23. d5 {[%emt 0:00:34][%cal Oc5d6] And now Qxd6! would win.} exd5 ({Black should try} 23... b6 $1 $14 24. Qc1 (24. Qc4 Nb4 $15) 24... Ne7) 24. exd5 {[%emt 0:02:27] aiming for Re1.} Nb4 (24... b6 $16 25. Qxd6 (25. Qc4 Nb4 $11) 25... Qxd6 26. dxc6 Qc7) 25. Bxe8 $18 b6 {[%emt 0:00:02] [#]} 26. Bxf7+ $1 Kxf7 27. Qc4 Kg8 28. Rd4 Qc8 (28... Qd7 $16 {is a better defense.} 29. g6 Rc8) 29. Qb3 Qf5 30. Rc1 Rad8 31. Qc4 Rxd5 (31... Re8 $16 32. Qb3 Kh8) 32. Re1 {[%emt 0:00:30] Re5 is the strong threat.} Qc8 (32... Qf7 $142 33. Rxd5 Nxd5) 33. Qb3 Kh8 {[%emt 0:00:37] [#]} (33... Qc5 $142 34. Red1 g6) 34. Ne5 $1 {[%emt 0:00:35] Strongly threatening Nf7+.} Qf5 {[%emt 0:00:28][%cal Od8f8] Against Nf7+} 35. Rde4 Kg8 {[%emt 0:00:30] [#]} 36. Qc4 $2 (36. Nf3 $1 $18 {is the precise move to win.}) 36... Qxg5 $2 {[%emt 0:00:31] [#]} (36... Rc8 $16 {might work better.} 37. Qb3 Rcd8) 37. Nc6 $2 (37. Nd7 $1 $18 ) 37... Nxc6 $1 $11 {[%emt 0:00:23] The position is equal.} 38. Qxc6 {[%emt 0:00:28] White threatens Re8+ and mate.} ({But not} 38. Re8+ $2 Rxe8 39. Rxe8+ Kf7 $19) 38... h5 39. Qxb6 Kh7 40. R4e3 R8d6 41. Qb8 Rd1 ({Don't do} 41... Rg6 42. g3 Qd8 43. Qxd8 Rxd8 44. Re5 $14) 42. Qb3 Rxe1+ 43. Rxe1 Rd5 44. Qc4 Rc5 45. Qd4 {[%emt 0:00:35] White really could win this.  Weighted Error Value: White=0.25 (precise) /Black=0.27 (precise)} 1/2-1/2

[Event "Romanian Superleague 2022"]
[Site "Oradea"]
[Date "2022.09.29"]
[Round "9.2"]
[White "Ionescu, Constantin"]
[Black "Petkov, Momchil"]
[Result "1/2-1/2"]
[ECO "D45"]
[WhiteElo "2415"]
[BlackElo "2511"]
[Annotator "TA"]
[PlyCount "38"]
[EventDate "2022.09.21"]
[EventType "team-tourn"]
[EventCountry "ROU"]
[SourceTitle "playchess.com"]
[Source "ChessBase"]
[SourceQuality "1"]
[TimeControl "40/5400+30:1800+30"]

1. d4 Nf6 2. c4 e6 3. Nf3 d5 4. Nc3 c6 5. e3 Nbd7 6. Qc2 Bd6 7. Bd2 O-O 8. Be2 Re8 9. O-O {[%emt 0:02:07] The position is equal.} h6 {[%emt 0:05:41] [#] D45: Semi-Slav: 5 e3.} 10. e4 $146 ({Predecessor:} 10. h3 b6 11. e4 Nxe4 12. Nxe4 dxe4 13. Qxe4 Bb7 14. Bf4 c5 15. Qxb7 Bxf4 16. g3 {½-½ (16) Jones,B (2269)-Macurek,M (2309) ICCF email 2019}) 10... dxe4 11. Nxe4 Nxe4 12. Qxe4 e5 13. dxe5 ({Don't go for} 13. Bd3 $2 Nf6 14. Qe3 e4 $19) 13... Nxe5 14. Bc3 Ng6 {[%emt 0:12:55] [#]} 15. Qd4 Bf8 $132 {[%emt 0:00:28][%mdl 2048] Hoping for ...Qxd4. Black is not keeping still} 16. Qxd8 Rxd8 17. Rfe1 Nf4 18. Bf1 Be6 19. Nd4 Bd7 {[%emt 0:09:06] A balanced but interesting game.  Weighted Error Value: White=0.01 (flawless) /Black=0.03 (flawless)} 1/2-1/2

[Event "Romanian Superleague 2022"]
[Site "Oradea"]
[Date "2022.09.29"]
[Round "9.3"]
[White "Bonte, Andrei-Mihai"]
[Black "Soltanici, Ruslan"]
[Result "1-0"]
[ECO "D40"]
[WhiteElo "2339"]
[BlackElo "2333"]
[Annotator "TA"]
[PlyCount "75"]
[EventDate "2022.09.21"]
[EventType "team-tourn"]
[EventCountry "ROU"]
[SourceTitle "playchess.com"]
[Source "ChessBase"]
[SourceQuality "1"]
[TimeControl "40/5400+30:1800+30"]

1. d4 d5 2. c4 e6 3. Nf3 Nf6 4. Nc3 c5 5. e3 Nc6 6. dxc5 Bxc5 7. a3 a6 8. b4 Bd6 9. Bb2 O-O 10. Qc2 dxc4 11. Bxc4 Qe7 12. O-O Bd7 {[%emt 0:06:36] D40: Queen's Gambit Declined: Semi-Tarrasch with 5 e3.} (12... b5 $5 13. Bd3 Bb7 $11) 13. Ne4 Nxe4 14. Qxe4 {[%emt 0:00:05] [#]} Rad8 $146 {[%emt 0:04:05] White is slightly better.} ({Predecessor:} 14... Rfd8 15. Qg4 g6 16. Rfd1 Be8 17. h4 Bc7 18. h5 Rxd1+ 19. Rxd1 Rd8 20. Rf1 Bd7 21. hxg6 hxg6 {1-0 (37) Dunnington,A (2450)-Bjarnason,S (2285) Hafnarfjordur 1996}) 15. Rfd1 Bc8 16. Rd2 (16. h3 $14) 16... f5 (16... Bxh2+ $1 $11 {keeps the balance.} 17. Kxh2 Rxd2 18. Nxd2 Qd6+ 19. Qf4 Qxd2 20. Bxg7 Kxg7 21. Qg5+ Kh8 22. Qf6+ Kg8 23. Qg5+ Kh8 24. Qf6+ Kg8 25. Qg5+ Kh8) 17. Qc2 $16 Kh8 18. Rad1 e5 {[%emt 0:01:45] [#]} 19. Ng5 $1 Bc7 (19... Qxg5 20. Rxd6) 20. Rxd8 Nxd8 {[%emt 0:00:59] [#]} 21. Rxd8 $1 {[%emt 0:02:01][%mdl 512] White has more active pieces.} Bxd8 {[%emt 0:14:29] [#]} (21... Qxd8 22. Nf7+) 22. Nf7+ Rxf7 23. Bxf7 Qc7 24. Qd1 {[%emt 0:02:08][%cal Ob2e5] Black must now prevent Bxe5!} Bf6 25. Bb3 Qd7 26. Qc2 Qd8 27. Qc4 Bd7 28. Qd5 Qc8 29. h4 Bc6 {[%emt 0:01:32] [#]} 30. Qd6 Bxh4 31. Bxe5 Qd8 32. Qe6 $40 {[%emt 0:00:34][%mdl 128] White has some attack.} ({White should try} 32. Qd4 $16 Qxd4 33. exd4 (33. Bxd4 Bg5 $14)) 32... Bxf2+ $1 $11 33. Kxf2 Qd2+ 34. Kf1 Bb5+ 35. Bc4 (35. Kg1 $11 Qe1+ 36. Kh2 Qh4+ 37. Kg1 Qe1+ 38. Kh2 Qh4+ 39. Kg1 Qe1+) 35... Qd1+ ({Black should play} 35... Qc1+ $15 36. Kf2 Qxc4) 36. Kf2 Qd2+ 37. Kg3 ({Don't blunder} 37. Kf3 $2 Bc6+ 38. Kf4 Qf2+ 39. Kg5 Qxg2+ 40. Kxf5 {[#]} Bd7 $1 41. Qxd7 Qh3+ 42. Kf4 Qxd7 $19) 37... Qxe3+ $2 (37... Bxc4 $11 38. Qxc4 Qxe3+ 39. Kh4 Qh6+ 40. Kg3 Qe3+ 41. Kh4 Qh6+ 42. Kg3 Qe3+) 38. Kh2 {[%emt 0:00:09] Weighted Error Value: White=0.21 (precise) /Black=0.19 (very precise)} 1-0

[Event "Romanian Superleague 2022"]
[Site "Oradea"]
[Date "2022.09.29"]
[Round "9.4"]
[White "Cosma, Ioan"]
[Black "Ognean, Mihnea-Ionut"]
[Result "1/2-1/2"]
[ECO "E04"]
[WhiteElo "2367"]
[BlackElo "2303"]
[Annotator "TA"]
[PlyCount "41"]
[EventDate "2022.09.21"]
[EventType "team-tourn"]
[EventCountry "ROU"]
[SourceTitle "playchess.com"]
[Source "ChessBase"]
[SourceQuality "1"]
[TimeControl "40/5400+30:1800+30"]

1. Nf3 d5 2. g3 Nf6 3. Bg2 c5 4. O-O Nc6 5. d4 e6 6. c4 dxc4 7. Ne5 Bd7 8. Na3 cxd4 9. Naxc4 Be7 $1 {[%emt 0:00:06][%mdl 4] is currently scoring better than 9...Bc5.} 10. Qb3 {[%emt 0:05:18] E04: Open Catalan: 5 Nf3.} Qc7 11. Nxc6 Bxc6 ({Don't do} 11... bxc6 12. Bf4 Qd8 13. Rfd1 $16) 12. Bf4 Qd8 13. Bxc6+ bxc6 14. Qa4 O-O 15. Qxc6 Rc8 {[%emt 0:03:25] [#]} 16. Qa6 $146 ({Predecessor:} 16. Qa4 Nd5 {½-½ (16) Shirov,A (2679)-Landa,K (2601) Czech Republic 2017}) 16... Nd5 {[%emt 0:29:48][%cal Od4d3] Black wants to play ...d3!} 17. Bd2 Bb4 18. Rfd1 Qe7 19. Ne5 Qd6 {[%emt 0:02:09] Inhibits Nc6.} 20. Qxd6 Bxd6 21. Nf3 {[%emt 0:06:16] A balanced but interesting game.  Weighted Error Value: White=0.06 (flawless) /Black=0.07 (flawless)} 1/2-1/2

[Event "Romanian Superleague 2022"]
[Site "Oradea"]
[Date "2022.09.29"]
[Round "9.5"]
[White "Ileana, George"]
[Black "Itkis, Boris"]
[Result "0-1"]
[ECO "C41"]
[WhiteElo "2301"]
[BlackElo "2332"]
[Annotator "TA"]
[PlyCount "116"]
[EventDate "2022.09.21"]
[EventType "team-tourn"]
[EventCountry "ROU"]
[SourceTitle "playchess.com"]
[Source "ChessBase"]
[SourceQuality "1"]
[TimeControl "40/5400+30:1800+30"]

1. e4 d6 2. d4 Nf6 3. Nc3 e5 4. Nf3 Nbd7 5. Rg1 c6 6. g4 {[%emt 0:00:07][%cal Bg2g4,Bg4g5][%mdl 32] C41: Philidor Defence.} g6 (6... Qa5 $11) 7. g5 Nh5 8. Be3 {[%emt 0:00:06] White is slightly better.} Be7 9. Qd2 O-O 10. O-O-O Qc7 11. Be2 (11. d5 $1 $16) 11... b5 $11 12. Nh4 (12. Kb1 $11) 12... Ng7 $1 $15 13. f4 {[%emt 0:00:18] [#]} b4 $146 {[%emt 0:05:16] ...exf4 is the strong threat.} ({Predecessor:} 13... exf4 14. Bxf4 Nb6 15. Bd3 Nc4 16. Bxc4 bxc4 17. Kb1 Rb8 18. Ka1 Bd7 19. e5 Qb7 20. Rb1 d5 21. e6 Bxe6 22. Bxb8 Qxb8 23. Nf3 Bd6 24. h4 Bf5 25. Rge1 {½-½ (25) Cerovic,D (2328)-Abramovic,B (2469) Belgrade 2013}) 14. Nb1 $1 exf4 15. Bxf4 a5 16. c4 c5 {[%emt 0:09:40] Threatens to win with ...cxd4.} 17. d5 f6 18. Rdf1 ({White should try} 18. gxf6 $15 Bxf6 19. Nf3) 18... fxg5 $17 19. Bxg5 Rxf1+ 20. Rxf1 Ne5 21. Nf3 Bh3 (21... Nf7 $1 $17) 22. Rg1 $15 Nxf3 23. Bxf3 Rf8 24. Rg3 Bxg5 25. Qxg5 Bc8 26. Nd2 Re8 27. h4 {[%emt 0:00:00] And now h5 would win.} Re5 28. Qf6 Ne8 29. Qf4 Qf7 $36 {[%emt 0:00:00][%mdl 2048] Black fights for an advantage.} 30. Qxf7+ Kxf7 31. Kc2 Nf6 32. Kd3 h6 33. Ke3 g5 34. hxg5 hxg5 35. Nb3 (35. Bd1 $11 {remains equal.}) 35... g4 $17 36. Bh1 a4 {[%emt 0:00:00] Black is more active.} 37. Nc1 {[%emt 0:09:00][%mdl 8192] [#] This move loses the game for White.} (37. Nd2 $17 {keeps fighting.}) 37... Nxe4 $1 $19 38. Bxe4 {[%emt 0:00:00] aiming for Nd3.} (38. Rg1 Bf5) 38... Bf5 39. Kf4 Bxe4 {[%emt 0:00:00][%mdl 4096] Endgame KRB-KRN} 40. Re3 $2 (40. Kxg4 Bb1 41. Rg1) 40... Bf3 ({Worse is} 40... a3 41. bxa3 Bc2 42. axb4 (42. Rxe5 dxe5+ 43. Kxg4 bxa3 $11) 42... Rxe3 43. Kxe3 cxb4 44. Kf4 $11) 41. Rxe5 dxe5+ {[%emt 0:00:00] KB-KN} 42. Ke3 e4 $1 {[%emt 0:00:00] ( -> ...g3)} 43. Ne2 Bxe2 44. Kxe2 {[%emt 0:00:00] [#] KP-KP} g3 $1 45. Ke3 Kf6 46. Ke2 b3 47. axb3 axb3 48. Ke3 Ke5 49. Ke2 Kf5 50. Ke3 Kg4 51. d6 g2 52. Kf2 {[%emt 0:00:00] [#]} Kh3 $1 53. d7 e3+ 54. Kf3 g1=Q 55. d8=Q Qf2+ 56. Ke4 e2 {[%emt 0:00:15] Black mates.} 57. Kd3 e1=R ({Weaker is} 57... e1=Q 58. Qh4+ Kg2 59. Qh2+ Kf1 60. Qh1+ Qg1 61. Qxg1+ Kxg1 $11) 58. Qd7+ Kg2 {[%emt 0:47:01] Weighted Error Value: White=0.55/Black=0.13 (very precise)} 0-1

[Event "Romanian Superleague 2022"]
[Site "Oradea"]
[Date "2022.09.29"]
[Round "9.6"]
[White "Bulau, Andrei-Cristian"]
[Black "Pisu, Robert-Daniel"]
[Result "0-1"]
[ECO "D36"]
[WhiteElo "2183"]
[BlackElo "2223"]
[Annotator "TA"]
[PlyCount "128"]
[EventDate "2022.09.21"]
[EventType "team-tourn"]
[EventCountry "ROU"]
[SourceTitle "playchess.com"]
[Source "ChessBase"]
[SourceQuality "1"]
[TimeControl "40/5400+30:1800+30"]

1. d4 d5 2. c4 e6 3. Nc3 Be7 4. cxd5 exd5 5. Qc2 c6 6. Nf3 Nf6 7. Bg5 h6 8. Bh4 Nbd7 {[%emt 0:06:29] D36: Queen's Gambit Declined: Exchange Variation: Main line (5 Bg5 c6 6 Qc2).} 9. e3 g5 10. Bg3 Nh5 {[%emt 0:01:36] White is slightly better.} 11. Bd3 g4 12. Nd2 {[%emt 0:01:54] [#]} Nxg3 $146 ({Predecessor:} 12... Nf8 13. O-O-O Nxg3 14. hxg3 Bg5 15. Kb1 Ne6 16. Nb3 a5 17. Na4 Qc7 18. e4 b5 {1-0 (29) Bocci,A (1936)-Biava,P (1784) Crema 2009}) 13. hxg3 Nf6 14. Nb3 a5 15. Ne2 a4 16. Nd2 a3 17. b3 Qa5 18. Nf4 Bd7 19. Rc1 Bb4 20. Nh5 Nxh5 21. Rxh5 O-O-O 22. Kd1 (22. Ke2 $5 ) 22... Kb8 23. Nb1 c5 (23... Be8 $15 {deserves consideration.}) 24. dxc5 (24. Rxd5 $11 Bc6 25. Rxc5 Bxc5 26. Qxc5 Qxc5 27. Rxc5) 24... Bc6 ({Better is} 24... Rc8 $17) 25. Nd2 $15 Rhe8 {[%emt 0:04:55][%mdl 1024] Black has compensation.} 26. Ke2 (26. Rxh6 d4 27. e4 f5 $17) 26... d4 27. e4 Qc7 28. Kf1 (28. Rxh6 $2 f5 29. Kd1 Bxd2 30. Rxc6 Qxc6 $19) 28... Re5 29. Rxe5 Qxe5 30. Kg1 h5 31. Nc4 $1 Qxc5 {[%emt 0:02:11][%cal Of7f5] White should prevent ...f5!} 32. Nxa3 $1 Qg5 33. Nb5 h4 $1 $19 34. a3 {[%emt 0:01:37] And now gxh4 would win.} Bd2 $4 {[%emt 0:01:18][%mdl 8192] This bishop pair is nice.} (34... hxg3 $19 35. Rd1 (35. axb4 $2 gxf2+ 36. Qxf2 Qxc1+ 37. Qf1 Qe3+ 38. Qf2 Qxd3 $19) 35... Be7) 35. Rd1 $4 (35. gxh4 $18 Qh6 36. Rd1) 35... Ba5 $2 (35... Be3 $1 $19 36. Re1 (36. fxe3 $2 hxg3 37. Re1 dxe3 $19) (36. gxh4 $2 Qxh4 37. fxe3 dxe3 $19) 36... hxg3 37. fxe3 dxe3) 36. Qc1 $11 Qh5 37. Qf4+ Ka8 38. Nc7+ Ka7 {[%emt 0:00:26] Threatens to win with ...Rh8.} 39. Nd5 hxg3 40. fxg3 {[%emt 0:00:00] Hoping for Nf6.} Bxd5 (40... Rh8 $15 41. Rf1 (41. Kf2 Bxd5 42. exd5 Qxd5 $15) 41... f5 42. Qxf5 Qh2+ 43. Kf2 Bxd5 44. exd5 Bd2) 41. exd5 Qxd5 42. b4 Qb3 43. Qxg4 Bb6 44. a4 {[%emt 0:04:21] [#]} Rg8 $1 45. Qe2 Qxa4 46. Qf1 {[%emt 0:01:42] Ra1 is the strong threat.} Kb8 (46... Rxg3 $2 47. Ra1 Qxa1 48. Qxa1+ $18) 47. Ra1 Qd7 48. Qf2 Qd5 49. Rc1 ({Of course not} 49. Qf4+ Bc7 50. Qf5 Qxf5 51. Bxf5 Bxg3 $17) (49. Rf1 $11 {remains equal.}) 49... Qe5 (49... Bc7 $17 50. Rc5 Qd7) 50. Re1 $132 {[%emt 0:01:22][%mdl 2048] White puts up resistance} Qh5 (50... Qxg3 $2 51. Re8+ $3 Rxe8 52. Qxg3+ $18) 51. Qf6 Bc7 52. Be2 $2 (52. Qf3 $15 Qg5 53. Qxf7) 52... Qh7 $1 $19 53. Qh4 (53. Qxd4 Re8 54. Ra1 Rxe2 55. Qa7+ Kc8 56. Qd4) 53... Qg6 {[%emt 0:01:43] White must now prevent ...d3.} 54. Bf3 Bxg3 55. Qe7 (55. Qxd4 Bxe1 56. Qe5+ Ka7 57. Qa1+ Qa6 58. Qxe1) 55... Qb6 56. Rd1 d3+ 57. Qc5 Qh6 58. Rxd3 Qh2+ ({And not} 58... Rc8 59. Qd4 $17) (58... Re8 $142 59. Rd1 Rh8) 59. Kf1 Re8 60. Rd1 {[%emt 0:00:18] Against Re1+} Qh1+ 61. Qg1 Qh4 62. Qb6 Qh1+ 63. Qg1 Qh6 {[%emt 0:00:37] ( -> ...Qa6+)} 64. Qc5 $2 {[%emt 0:00:47] [#]} (64. Ra1 $2 {is a self mate.} Qa6+ $3 65. b5 Qxa1+) (64. Qd4 $19) 64... Qd2 $3 {[%emt 0:00:31][%mdl 512] Weighted Error Value: White=0.48/Black=0.45} 0-1

[Event "Romanian Superleague 2022"]
[Site "Oradea"]
[Date "2022.09.29"]
[Round "9.7"]
[White "Deac, Bogdan-Daniel"]
[Black "Sumets, Andrey"]
[Result "1-0"]
[ECO "A14"]
[WhiteElo "2710"]
[BlackElo "2513"]
[Annotator "TA"]
[PlyCount "77"]
[EventDate "2022.09.21"]
[EventType "team-tourn"]
[EventCountry "ROU"]
[SourceTitle "playchess.com"]
[Source "ChessBase"]
[SourceQuality "1"]
[TimeControl "40/5400+30:1800+30"]

1. Nf3 d5 2. g3 Nf6 3. Bg2 e6 4. c4 Be7 5. O-O O-O 6. d3 b6 {[%emt 0:07:45] A14: English Opening: 1...e6 with b3 by White.} 7. cxd5 exd5 8. Nc3 Bb7 {[%emt 0:00:12] The position is equal.} 9. d4 Na6 10. b3 {[%emt 0:01:47] [#]} Ne4 $146 ({Predecessor:} 10... Re8 11. Bb2 c6 12. Ne5 Bd6 13. e4 c5 14. Nxd5 cxd4 15. Ng4 Nxd5 16. exd5 d3 17. Qxd3 Nb4 18. Qd2 Ba6 19. Bxg7 {1-0 (21) Bykov,O (2383)-Bazeev,G (2431) St Petersburg 2018}) 11. Bb2 Nxc3 12. Bxc3 c6 13. Bb2 Nc7 14. Ne5 Ne6 15. e4 Ng5 16. exd5 cxd5 17. f3 f6 18. Ng4 Ba6 19. Rf2 Re8 20. h4 Nf7 21. f4 (21. Qd2 $1 $15) 21... Bb4 $17 22. Qf3 Qe7 {[%emt 0:09:03] Against Ne3. Strongly threatening ...Be2.} 23. a3 {[%emt 0:05:14] [#]} ({Don't blunder} 23. Qxd5 $2 Rad8 24. Qf3 Be2 25. Rxe2 Qxe2 26. Qxe2 Rxe2 $19) 23... Be1 (23... Be2 $142 $1 24. Qxd5 Bxg4 25. axb4 Qe3) 24. Rc2 Rac8 25. Rxc8 (25. Bc3 $1 $15 Bxc3 26. Rxc3) 25... Bxc8 26. Ne5 fxe5 27. fxe5 Bd2 {[%emt 0:01:57] And now ...Be6 would win.} 28. Rd1 (28. Qxd5 $142 g6 29. Rf1) 28... Bh6 {[%emt 0:02:02] Threatens to win with ...g5.} 29. Qxd5 Bg4 30. Rf1 Be6 31. Qb5 Rd8 $2 (31... g5 $17 32. hxg5 Bxg5) 32. d5 $11 a6 {[%emt 0:00:34] [#]} ({Black should play} 32... Bd7 $14 33. Qc4 Rc8) 33. Qc6 $1 $16 Bd7 {[%emt 0:00:37] This costs Black the game.} (33... Be3+ $16 {keeps fighting.} 34. Kh1 Bd7) 34. Qxb6 $18 Bb5 (34... Bg4 $142 35. a4 Re8) 35. Rf2 Qe8 $2 (35... Rf8 36. a4 Nxe5 37. Rxf8+ (37. axb5 Rxf2 38. Qxf2 Ng4 $16) 37... Kxf8 38. Qb8+ (38. axb5 Nf3+ 39. Kf2 Qe1+ 40. Kxf3 Qd1+ 41. Kf2 Qd2+ 42. Kf3 Qd1+ 43. Kf2 Qd2+ 44. Kf3 Qd1+ $11) 38... Be8 39. Bxe5 Be3+ 40. Kh2 Ba7) 36. e6 {[%emt 0:04:06] White is clearly winning.} Nd6 37. g4 Rb8 38. Qxd6 {[%emt 0:00:27] Threatening mate with Qe5.} Be3 39. Qe5 {[%emt 0:01:09][%csl LRe3,LRg7] Weighted Error Value: White=0.11 (very precise) /Black=0.34} 1-0

[Event "Romanian Superleague 2022"]
[Site "Oradea"]
[Date "2022.09.29"]
[Round "9.8"]
[White "Cioara, Andrei-Nestor"]
[Black "Miroshnichenko, Evgenij"]
[Result "1/2-1/2"]
[WhiteElo "2407"]
[BlackElo "2597"]
[Annotator "TA"]
[PlyCount "35"]
[EventDate "2022.09.21"]
[EventType "team-tourn"]
[EventCountry "ROU"]
[SourceTitle "playchess.com"]
[Source "ChessBase"]
[SourceQuality "1"]
[TimeControl "40/5400+30:1800+30"]

1. d4 Nf6 2. c4 c5 3. d5 b5 4. Qc2 bxc4 5. e4 d6 6. Bxc4 g6 7. Nf3 Bg7 8. O-O O-O 9. Nc3 {[%emt 0:00:20] 9.Re1 is a critical line.} Nbd7 10. Re1 {[%emt 0:04:34] [#] A rather calm draw. A57: Benko/Volga Gambit.} {Predecessor:} Rb8 $146 11. Bf4 Nb6 12. Bf1 Ne8 13. h3 Nc7 14. Rad1 Bb7 15. b3 Qd7 16. a4 Ba6 17. Be2 Bxe2 18. Rxe2 {0-1 (38) Kogan,A (2501)-Carlsen,M (2847) chess24.com INT 2021} 1/2-1/2